 Dungeon Crawl Stone Soup version 0.30-a0-141-g30f27751c5 (webtiles) character file.

Game seed: 7090864019816132699

7 qw the Shield-Bearer (level 2, 0/19 HPs)
             Began as a Gargoyle Fighter on Sept 25, 2022.
             Slain by a gnoll
             ... wielding a +0 spear
              (1 damage)
             ... on level 1 of the Dungeon.
             The game lasted 00:00:05 (176 turns).

qw the Shield-Bearer (Gargoyle Fighter)              Turns: 176, Time: 00:00:06

Health: 0/19       AC:  9    Str: 19    XL:     2   Next: 4%
Magic:  2/2        EV:  9    Int:  8    God:
Gold:   15         SH:  4    Dex:  9    Spells: 1/1 levels left

rFire   . . .      SeeInvis .    a - +0 war axe
rCold   . . .      Faith    .    c - +0 buckler
rNeg    + . .      Spirit   .    b - +0 scale mail
rPois   inf        Reflect  .    (no helmet)
rElec   +          Harm     .    (no cloak)
rCorr   .          Rampage  .    (no gloves)
Will    .....                    (no boots)
Stlth   ..........               (no amulet)
HPRegen 0.06/turn                (no ring)
MPRegen 0.08/turn                (no ring)

@: no status effects
A: sickness immunity, AC +2, negative energy resistance 1, electricity
resistance, torment resistance 1, petrification resistance
a: no special abilities


You were on level 1 of the Dungeon.
You visited 1 branch of the dungeon, and saw 1 of its levels.

You collected 15 gold pieces.


Innate Abilities, Weirdness & Mutations

You are immune to sickness and miasma.
Your stone body is resilient. (AC +2)
You are immune to poison.
You resist negative energy. (rN+)
You are resistant to electric shocks. (rElec)
You are resistant to unholy torment.
You are immune to petrification.


   Skills:
 - Level 3.2 Fighting
 + Level 2.4 Axes
 - Level 3.2 Armour
 - Level 3.2 Shields


You had one spell level left.
You didn't know any spells.
Your spell library was empty.

Inventory:

Hand Weapons
 a - a +0 war axe (weapon)
 i - a +0 club
Missiles
 f - 3 silver boomerangs (quivered)
Armour
 b - a +0 scale mail (worn)
 c - a +0 buckler (worn)
Jewellery
 e - an amulet of the acrobat
Scrolls
 h - a scroll of identify {unknown}
Potions
 d - a potion of might
 g - 2 potions of cancellation {unknown}

Dungeon Overview and Level Annotations

Branches:
Dungeon (1/15)

Altars:


Message History

The goblin hits you but does no damage.
You slash the goblin!
You kill the goblin!
i - a +0 club You open the door.
A gnoll and a quokka come into view.
The gnoll shouts!
You block the quokka's attack.
There is an open door here.
You hit the quokka but do no damage.
The quokka bites you but does no damage. x2
You closely miss the quokka. The quokka barely misses you.
You block the gnoll's attack. The quokka barely misses you.
The gnoll barely misses you.
You hit the quokka but do no damage.
The quokka bites you but does no damage.
The gnoll hits you from afar with a +0 spear.
You block the quokka's attack.
You barely miss the quokka. The gnoll hits you but does no damage.
You block the quokka's attack.
The gnoll hits you from afar with a +0 spear.
You closely miss the quokka.
The quokka bites you but does no damage. x2
The gnoll hits you but does no damage.
You hit the quokka.
The quokka is almost dead.
The quokka bites you. You block the gnoll's attack.
You block the quokka's attack.
You hit the quokka.
You kill the quokka!
The gnoll hits you but does no damage. The gnoll completely misses you.
You have reached level 2!
The gnoll barely misses you.
You see here a quokka corpse.
You closely miss the gnoll. The gnoll hits you with a +0 spear.
You slash the gnoll!
The gnoll is severely wounded.
The gnoll closely misses you. The gnoll hits you with a +0 spear.
You die...

..[..:.........####.# #.
#####.....#......# .# #.
........+......# # #.
..#.....#......# #####.
..#.....#......# #.....
#.#........[.# #.####
#.#..........# #.# #
#...#......###########.#
+....g@'...........#
#......#############
#......# ########


You could see a gnoll.

Vanquished Creatures
  An endoplasm (D:1)
  A giant cockroach (D:1)
  A hobgoblin (D:1)
  A quokka (D:1)
  A bat (D:1)
  A goblin (D:1)
  A kobold (D:1)
7 creatures vanquished.

Vanquished Creatures (others)
  2 fungi (D:1)
  A plant (D:1)
3 creatures vanquished.

Grand Total: 10 creatures vanquished

Notes
Turn   | Place    | Note
-------+----------+-------------------------------------------
     0 | D:1      | qw the Gargoyle Fighter began the quest for the Orb.
     0 | D:1      | Reached XP level 1. HP: 14/14 MP: 1/1
     0 | D:1      | 0 ||| qw: Version: 0.2-a-10-g399e6c4
     0 | D:1      | 0 ||| qw: Game counter: 371
     0 | D:1      | 0 ||| qw: Always use a shield: true
     0 | D:1      | 0 ||| qw: God list: Okawaru
     0 | D:1      | 0 ||| qw: Allow faded altars: false
     0 | D:1      | 0 ||| qw: Do Orc after D:15 true
     0 | D:1      | 0 ||| qw: Do second Lair branch before Depths: true
     0 | D:1      | 0 ||| qw: Lair rune preference: random
     0 | D:1      | 0 ||| qw: Plans: Normal, Zot:1-4, God:TSO, Crypt, Tomb,
                  | Pan, Slime:5, Hells, Abyss, Orb
     0 | D:1      | 0 ||| PLANNING D:1-11
    74 | D:1      | Found a faded altar of an unknown god.
   174 | D:1      | Reached XP level 2. HP: 5/19 MP: 2/2
   175 | D:1      | HP: 1/19 [gnoll/+0 spear (5)]
   176 | D:1      | Slain by a gnoll

Levels and vault maps discovered:
D:1:      heliophobic_arrival_henge, layout_basic,
          shapermc_ecumenical_altar_rom_forum

Skill      XL: |  1 |
---------------+----+-----
Axes           | 2 |  2.4
Fighting       | |  3.2
Armour         | |  3.2
Shields        | |  3.2

Action                   || total
-------------------------++-------
Melee: War axe           ||    20
Throw: Boomerang         ||     7
Armor: Scale mail        ||    10
Dodge: Dodged            ||    12
Block: Buckler           ||     7

Table legend:
 A = Non-vault XP
 B = Vault XP
 C = Vault XP percentage of total XP
 D = Non-vault monster count
 E = Vault monster count
 F = Vault count percentage of total count
                 A         B        C        D         E       F
            +---------+---------+-------+---------+---------+-------
      Total |      11 |       0 |   0.0 |       7 |       0 |   0.0
            +---------+---------+-------+---------+---------+-------
        D:1 |      11 |       0 |   0.0 |       7 |       0 |   0.0
            +---------+---------+-------+---------+---------+-------
